 Dungeon Crawl Stone Soup version 0.29.1-12-g30fa7ad0bf (webtiles) character file.

Game seed: 13274459973537106355

5231 GeoRichter the Thaumaturge (level 10, -13/84 HPs)
             Began as a Djinni Conjurer on Jan 18, 2023.
             Was a Priest of Ashenzari.
             Shot with an arrow by a centaur warrior (22 damage)
             ... on level 9 of the Dungeon.
             The game lasted 00:22:19 (11263 turns).

GeoRichter the Thaumaturge (Djinni Conjurer)       Turns: 11263, Time: 00:22:20

Health: -13/84     AC:  8    Str:  6    XL:     10   Next: 92%
Gold:   443        EV: 13    Int: 23    God:    Ashenzari [***...] SH:  0 Dex: 13

rFire   + + .      SeeInvis +   l - +3 dagger "Unveiling Trepidation" {venom, Self, Melee} (curse)
rCold   x . .      Faith    .   (no shield)
rNeg    . . .      Spirit   .   o - +0 acid dragon scales
rPois   ∞          Reflect  .   h - +0 helmet "Manifest Jealousy" {Range, Self} (curse)
rElec   .          Harm     .   (no cloak)
rCorr   +          Rampage  .   k - +0 pair of gloves of Ashenzari's Ordeal {Self, Cun} (curse)
Will    +....      Clarity  +   (boots unavailable)
Stlth   ++........              (no amulet)
HPRegen 0.24/turn               s - ring of the Oracular Yoke {rCorr, Self, Range} (curse)
MPRegen 0.00/turn               (no ring)

@: marked, flying, slowed, very slow
A: sickness immunity, fire resistance 2, cold vulnerability 1, float, innate
caster, HP casting, extra vitality 1
a: Renounce Religion, Curse Item, Shatter the Chains


You were on level 9 of the Dungeon.
You worshipped Ashenzari.
Ashenzari was most pleased with you.
You visited 2 branches of the dungeon, and saw 10 of its levels.

You collected 508 gold pieces.
You spent 65 gold pieces at shops.

Inventory:

Hand Weapons
 l - the cursed +3 dagger "Unveiling Trepidation" (weapon) {venom, Self, Melee}
   (You took it off a goblin on level 2 of the Dungeon)

   It poisons the flesh of those it strikes.
   It has a curse which improves the following skills: Introspection: Fighting
   and Spellcasting.
   Melee Combat: Short Blades, Long Blades, Axes, Maces & Flails, Polearms,
   Staves and Unarmed Combat.
Missiles
 c - 2 throwing nets {!f}
Armour
 a - a +0 robe
 h - the cursed +0 helmet "Manifest Jealousy" (worn) {Range, Self}
   (You found it on level 8 of the Dungeon)

   It has a curse which improves the following skills: Ranged Combat: Ranged
   Weapons and Throwing.
   Introspection: Fighting and Spellcasting.
 k - the cursed +0 pair of gloves of Ashenzari's Ordeal (worn) {Self, Cun}
   (You found it on level 2 of the Dungeon)

   It has a curse which improves the following skills: Introspection: Fighting
   and Spellcasting.
   Cunning:   Dodging and Stealth.
 o - +0 acid dragon scales (worn)
   (You found it on level 8 of the Dungeon)
Magical Staves
 i - a staff of earth
   (You found it on level 1 of the Dungeon)
Jewellery
 s - the cursed ring of the Oracular Yoke (left hand) {rCorr, Self, Range}
   (You found it on level 4 of the Dungeon)

   [ring of resist corrosion]

   rCorr:     It protects you from acid and corrosion.
   It has a curse which improves the following skills: Introspection: Fighting
   and Spellcasting.
   Ranged Combat: Ranged Weapons and Throwing.
Wands
 b - a wand of mindburst (17)
   (You found it on level 7 of the Dungeon)
 p - a wand of charming (22)
   (You took it off Ijyb on level 3 of the Dungeon)
Scrolls
 e - 3 scrolls of enchant weapon
 f - 2 scrolls of blinking
 g - a scroll of poison
 j - a scroll of fog
 m - 2 scrolls of teleportation {@r4}
 n - 3 scrolls of vulnerability {!r}
 t - a scroll of magic mapping
 y - a scroll of immolation {!r}
 z - 2 scrolls of silence
Potions
 d - 3 potions of berserk rage
 q - a potion of curing {@q1}
 r - a potion of attraction {!q}
 v - 4 potions of brilliance
 w - 2 potions of mutation {!q}
 x - a potion of resistance


   Skills:
 + Level 7.9(11.8) Fighting
 + Level 0.0 Armour
 + Level 5.5(7.1) Dodging
 - Level 3.3(4.7) Stealth
 * Level 9.3(13.2) Spellcasting
 - Level 4.0 Evocations


You had 11 spell levels left.
You knew the following spells:

 Your Spells              Type           Power      Damage    Failure   Level
a - Magic Dart            Conj           100%       1d8       1%          1
b - Searing Ray           Conj           100%       2d8       1%          2
c - Dazzling Flash        Conj/Hex       100%       N/A       1%          3
d - Fulminant Prism       Conj/Hex       33%        3d16      1%          4
e - Iskenderun's Mystic   Conj/Tloc      66%        2d14      1%          4
f - Sting                 Tmut/Pois      100%       1d8       1%          1
g - Call Imp              Summ           66%        N/A       1%          2
h - Summon Guardian Gole  Hex/Summ       66%        N/A       1%          3
i - Olgreb's Toxic Radia  Pois           66%        N/A       1%          4
Your spell library was empty.

Dungeon Overview and Level Annotations

Branches:
Dungeon (9/15) Zot: 26725  Temple (1/1) D:5 Zot: 5974
   Lair: D:8-11         Orc: D:9-12

Altars:
Ashenzari
Cheibriados
Dithmenos
Elyvilon
Fedhas
Gozag
Hepliaklqana
Makhleb
Nemelex Xobeh
Okawaru
Qazlal
Trog
Uskayaw
Wu Jian
Xom
Yredelemnul
The Shining One

Shops:
D:2 (*


Innate Abilities, Weirdness & Mutations

You are immune to sickness and miasma.
You are immune to poison.
Your flesh is very heat resistant. (rF++)
You are vulnerable to cold. (rC-)
You float through the air rather than walking.
You learn spells naturally, not from books.
Your magical power is your life essence.
You have superior vitality. (+4 MHP)


Message History

Your guardian golem is engulfed in blazing flames.
Flame seeps out of your guardian golem. Harold hits you with a +0 scimitar!
* * * LOW HITPOINT WARNING * * *
You feel better.
Harold seems less brilliant.
The centaur shoots an arrow.
The arrow hits your guardian golem.
Your guardian golem disappears in a puff of smoke!
The fiery explosion engulfs Harold!!
Harold dies!
Harold looks down at his mortal wounds and cries, "But... this was my last day before retirement..."
Training target 4.0 for Evocations reached!
Your Evocations skill increases to level 4!
As you read the scroll of teleportation {@r4}, it crumbles to dust.
You feel strangely unstable.
The centaur shoots an arrow.
The arrow hits you!
* * * LOW HITPOINT WARNING * * *
The wraith misses you.
The centaur shoots an arrow.
The arrow misses you.
An orc wizard comes into view. It is wielding a +0 dagger.
Okay, then.
Okay, then.
You begin to radiate toxic energy.
The centaur is poisoned.
The orc wizard is poisoned.
* * * LOW HITPOINT WARNING * * *
The troll looks even sicker.
The orc wizard looks even sicker.
The centaur shoots an arrow.
The arrow hits your crimson imp!
Your crimson imp dies!
Your crimson imp disappears in a puff of smoke!
The wraith hits you but does no damage.
You feel better. The wraith hits you.
* * * LOW HITPOINT WARNING * * *
The wraith drains your vigour!
You feel yourself slow down.
The centaur looks even sicker.
You kill the orc wizard!
Your toxic aura wanes.
The centaur shoots an arrow.
The arrow hits you.
* * * LOW HITPOINT WARNING * * *
The wraith hits you!
* * * LOW HITPOINT WARNING * * *
The wraith drains your vigour!
You feel as though you will be slow longer.
The wraith hits you!
* * * LOW HITPOINT WARNING * * *
Blink to where?
As you read the scroll of blinking, it crumbles to dust.
Your surroundings suddenly seem different.
A centaur warrior comes into view.
The centaur warrior wields a +0 longbow.
The centaur warrior shoots an arrow.
The arrow hits you.
* * * LOW HITPOINT WARNING * * *
The centaur warrior shoots an arrow.
The arrow hits you!!
You die...

>......W§### * **
.........#.## * ,, ,
#.......T...# * , *
.........#... * ##*
*,............. *
##.,##.* *.............
#...#.. ## ...........##
#......#.##............#
,
.......@...c............
........................
,, ,
........................
,
..............(.........
........................
........................
........................
##.........#... .....##.
* * , * ,,


You could see a centaur warrior.

Vanquished Creatures
  Pikel (D:7)
  An ugly thing (D:9)
  Grinder (D:3)
  An acid dragon (D:8)
  Duvessa (D:4)
  An orc warrior (D:7)
  A water moccasin (D:9)
  A sky beast (D:7)
  An ice beast (D:8)
  An ogre (D:7)
  A wolf (D:7)
  A centaur (D:9)
  A phantom (D:4)
  4 gnoll sergeants (D:7)
  2 bullfrogs
  A scorpion (D:7)
  4 wights (D:8)
  Dowan (D:4)
  3 killer bees (D:7)
  2 howler monkeys (D:9)
  2 jellies
  8 hounds
  5 gnoll boudas (D:7)
  9 orc priests
  9 orc wizards
  Ijyb (D:3)
  Terence (D:2)
  2 iguanas (D:6)
  22 gnolls
  6 adders
  A shadow imp (D:7)
  A white imp (D:5)
  5 worms
  4 dart slugs
  41 orcs
  7 ball pythons
  9 endoplasms
  2 giant cockroaches
  8 goblins
  5 hobgoblins
  4 jackals (D:7)
  3 quokkas
  3 bats
  8 frilled lizards
  A kobold (D:3)
  5 rats
202 creatures vanquished.

Vanquished Creatures (collateral kills)
  A water moccasin (D:7)
  A necrophage (D:3)
  A scorpion (D:6)
  A jelly (D:3)
  2 gnolls
  An ufetubus (D:4)
  5 orcs
12 creatures vanquished.

Vanquished Creatures (others)
  Harold (D:9)
  13 fulminant prisms
  10 plants (D:6)
24 creatures vanquished.

Grand Total: 238 creatures vanquished

Notes
Turn   | Place    | Note
-------+----------+-------------------------------------------
     0 | D:1      | GeoRichter the Djinni Conjurer began the quest for the Orb.
     0 | D:1      | GeoRichter set off with the following spells memorised:
                  | Magic Dart, Searing Ray, Dazzling Flash, Fulminant Prism,
                  | Iskenderun's Mystic Blast.
     0 | D:1      | Reached XP level 1. HP: 15/15 MP: 0/0
   245 | D:1      | Reached XP level 2. HP: 19/21 MP: 0/0
   603 | D:1      | Found a faded altar of an unknown god.
   804 | D:1      | Reached XP level 3. HP: 25/25 MP: 0/0
   804 | D:1      | Learned a level 1 spell: Sting
  1381 | D:2      | Found Madagh's General Store.
  1388 | D:2      | Bought a potion of heal wounds for 65 gold pieces
  1404 | D:2      | Found Irahurr's Weapon Shoppe.
  1500 | D:2      | Reached skill level 1 in Fighting
  1500 | D:2      | Reached XP level 4. HP: 9/32 MP: 0/0
  1893 | D:2      | Noticed Terence
  2069 | D:2      | Found a stormy altar of Qazlal.
  2181 | D:2      | Reached XP level 5. HP: 35/37 MP: 0/0
  2181 | D:2      | Learned a level 2 spell: Call Imp
  2316 | D:2      | Reached skill level 4 in Spellcasting
  2435 | D:2      | Killed Terence
  2565 | D:3      | Reached XP level 6. HP: 30/43 MP: 0/0
  3539 | D:3      | Found a bloodstained altar of Trog.
  3624 | D:3      | Noticed Ijyb
  3632 | D:3      | Killed Ijyb
  3633 | D:3      | Reached skill level 5 in Spellcasting
  3633 | D:3      | Reached XP level 7. HP: 38/50 MP: 0/0
  3633 | D:3      | Learned a level 3 spell: Summon Guardian Golem
  4011 | D:3      | Noticed Grinder
  4023 | D:3      | Killed Grinder
  4611 | D:4      | Reached skill level 6 in Spellcasting
  4611 | D:4      | Reached XP level 8. HP: 29/58 MP: 0/0
  4928 | D:4      | Noticed Dowan
  4930 | D:4      | Noticed Duvessa
  4938 | D:4      | Killed Duvessa
  4938 | D:4      | Killed Dowan
  5327 | D:5      | Entered Level 5 of the Dungeon
  5546 | D:5      | Found a staircase to the Ecumenical Temple.
  5589 | Temple   | Entered the Ecumenical Temple
  5608 | Temple   | Became a worshipper of Ashenzari the Shackled
  5803 | D:5      | Reached skill level 5 in Fighting
  6786 | D:6      | Reached skill level 7 in Spellcasting
  6851 | D:6      | Found a burning altar of Makhleb.
  6851 | D:6      | Found a hazy altar of Hepliaklqana.
  6851 | D:6      | Found an iron altar of Okawaru.
  6987 | D:7      | Noticed Pikel
  7035 | D:6      | Reached * piety under Ashenzari
  7060 | D:7      | Reached XP level 9. HP: 45/67 MP: 0/0
  7060 | D:7      | Learned a level 4 spell: Olgreb's Toxic Radiance
  7320 | D:7      | Reached skill level 1 in Evocations
  7745 | D:7      | Killed Pikel
  7746 | D:7      | Reached skill level 8 in Spellcasting
  8533 | D:7      | Reached XP level 10. HP: 68/76 MP: 0/0
  9351 | D:7      | Reached ** piety under Ashenzari
 10080 | D:8      | Reached *** piety under Ashenzari
 11006 | D:9      | Noticed a purple ugly thing
 11015 | D:9      | Killed a purple ugly thing
 11016 | D:9      | Reached skill level 5 in Dodging
 11016 | D:9      | Reached skill level 9 in Spellcasting
 11244 | D:9      | Noticed Harold
 11258 | D:9      | Killed Harold
 11263 | D:9      | Noticed a centaur warrior
 11263 | D:9      | Shot with an arrow by a centaur warrior

Illustrated notes

Levels and vault maps discovered:
D:1:      psy_arrival_spokes, layout_loops_ring,
          chequers_ecumenical_altar_simple, grunt_decor_fettered,
          minmay_ruptured
D:2:      layout_loops_ring, basic_altar, serial_shops, shop,
          nicolae_shop_stone, uniq_terence
D:3:      layout_basic, mainiacjoe_overflow_small_starburst, uniq_grinder,
          uniq_ijyb
D:4:      layout_cave_pools, uniq_duvessa
D:5:      layout_gridville, mainiacjoe_overflow_paths,
          minmay_temple_entry_arrows, grunt_ministairs_9
D:6:      layout_loops_ring, gammafunk_temple_overflow_forgotten,
          minmay_curled_crystal, hangedman_decor_growths, minmay_lizard_king
D:7:      layout_cave_pools, serial_gnoll_camp, gnoll_camp_mini_hut,
          gnoll_camp_medium_01, gnoll_camp_huts_basic, gnoll_camp_mini_house,
          gnoll_camp_medium_02, dk_noncrumbling_2, serial_bayou_pond_d,
          uniq_pikel
D:8:      layout_gridville
D:9:      layout_cross, orc_0_dummy, uniq_harold
Temple:   hellmonk_temple_two_chambers

Skill      XL: |  1  2  3  4  5  6  7  8  9 10 |
---------------+-------------------------------+-----
Stealth        | 2 3 |  3.3
Fighting       | 1 2 3 4 5 6 7 |  7.9
Spellcasting   | 4 5 6 7 8 9 |  9.3
Evocations     | 2 4 |  4.0
Dodging        | 3 5 |  5.5

Action                   |  1- 3 |  4- 6 |  7- 9 | 10-12 || total
-------------------------+-------+-------+-------+-------++-------
Melee: Dagger            |       |     8 |     1 |     6 ||    15
 Cast: Magic Dart        |    63 |    96 |   126 |    81 ||   366
       Call Imp          |       |    11 |    16 |     7 ||    34
       Searing Ray       |       |     9 |    14 |     7 ||    30
       Summon Guardian G |       |       |    10 |     3 ||    13
       Fulminant Prism   |       |       |    11 |     2 ||    13
       Dazzling Flash    |       |       |     1 |     1 ||     2
       Olgreb's Toxic Ra |       |       |    28 |    39 ||    67
       Iskenderun's Myst |       |       |     1 |     3 ||     4
Invok: Curse Item        |       |       |     2 |     2 ||     4
Evoke: Wand              |       |       |     1 |       ||     1
  Use: Potion            |       |     1 |     1 |     2 ||     4
       Scroll            |       |       |       |     2 ||     2
Armor: Robe              |       |     6 |     6 |     1 ||    13
       Acid dragon scale |       |       |       |     2 ||     2
Dodge: Dodged            |     2 |    15 |    29 |    29 ||    75
